 Dungeon Crawl Stone Soup version 0.27.0-1-g7a089689b8 (webtiles) character file.

Game seed: 5825024342422815473

466 mimimomo the Poker (level 7, 0/55 HPs)
             Began as a Merfolk Monk on Aug 4, 2021.
             Was a Believer of Qazlal.
             Killed from afar by an orc wizard (5 damage)
             ... with a puff of flame
             ... on level 4 of the Dungeon.
             The game lasted 00:08:50 (5356 turns).

mimimomo the Poker (Merfolk Monk)                   Turns: 5356, Time: 00:08:50

Health: 0/55       AC:  3    Str: 18    XL:     7   Next: 8%
Magic:  7/7        EV: 16    Int:  9    God:    Qazlal [**....]
Gold:   107        SH:  2    Dex: 18    Spells: 6/6 levels left

rFire    + . .     SeeInvis .   l - +0 scythe (drain)
rCold    + . .     Faith    +   (shield currently unavailable)
rNeg     . . .     Spirit   .   b - +0 robe
rPois    +         Reflect  .   (no helmet)
rElec    +         Harm     .   (no cloak)
rCorr    +         Rampage  .   g - +0 pair of gloves
Will     .....                  (no boots)
Stlth    ++........             e - amulet of faith
HPRegen  0.18/turn              n - +6 ring of strength
MPRegen  0.10/turn              (no ring)

@: resistant
A: (nimble swimmer 2), mertail
a: Renounce Religion, Upheaval


You were on level 4 of the Dungeon.
You worshipped Qazlal.
Qazlal was pleased with you.
You visited 2 branches of the dungeon, and saw 6 of its levels.

You collected 107 gold pieces.

Inventory:

Hand Weapons
 a - a +0 spear
 l - a +0 scythe of draining (weapon)
Missiles
 d - 20 poisoned darts (quivered)
 o - 6 javelins
Armour
 b - a +0 robe (worn)
 g - a +0 pair of gloves (worn)
Jewellery
 c - an amulet of guardian spirit
 e - an amulet of faith (around neck)
 n - a +6 ring of strength (left hand)
Wands
 r - a wand of iceblast (8)
Scrolls
 f - 2 scrolls of teleportation
 h - 4 scrolls of identify
 i - a scroll of noise
 k - a scroll of amnesia
 m - a scroll of magic mapping {unknown}
 p - a scroll of blinking {unknown}
 s - a scroll of enchant weapon {unknown}
Potions
 j - a potion of magic


   Skills:
 * Level 4.9 Fighting
 + Level 7.6 Polearms
 + Level 0.8 Throwing
 * Level 6.9 Dodging
 - Level 2.6 Stealth


You had 6 spell levels left.
You didn't know any spells.
Your spell library contained the following spells:

 Spells                   Type           Power      Damage    Failure   Level
 Ensorcelled Hibernation  Hex/Ice        0%         N/A       52%         2
 Inner Flame              Hex/Fire       0%         N/A       77%         3
 Spider Form              Tmut/Pois      0%         N/A       77%         3
 Cause Fear               Hex            0%         N/A       99%         4
 Alistair's Intoxication  Tmut/Pois      0%         N/A       100%        5
 Borgnjor's Vile Clutch   Necr/Erth      0%         N/A       100%        5
 Eringya's Noxious Bog    Tmut/Pois      0%         N/A       100%        6
 Shadow Creatures         Summ           N/A        N/A       100%        6
 Discord                  Hex            0%         N/A       100%        8


Dungeon Overview and Level Annotations

Branches:
Dungeon (5/15)             Temple (1/1) D:4

Altars:
Ashenzari
Cheibriados
Dithmenos
Elyvilon
Gozag
Hepliaklqana
Kikubaaqudgha
Makhleb
Okawaru
Qazlal
Ru
Trog
Vehumet
Wu Jian
Xom
The Shining One

Annotations:
D:4 exclusion: statue


Innate Abilities, Weirdness & Mutations

((You are quick and stealthy near water. (Stealth+, EV+, Speed+++)))
Your lower body shifts to a powerful aquatic tail in water.


Message History

You throw a poisoned dart. Something barely misses you.
Unknown command.
Non-targeted confused throw: 21 darts (poison)
Press: ? - help, Q - select action, (/) - cycle Dir - look around, f - activate You throw a poisoned dart.
Something hits you.
* * * LOW HITPOINT WARNING * * *
Unknown command.
Something hits you.
* * * LOW HITPOINT WARNING * * *
Something barely misses you.
Things that are here:
a +0 dagger; a +0 leather armour You're too confused to aim your attacks!
Unknown command.
You're too confused to move!
Something hits you.
* * * LOW HITPOINT WARNING * * *
Okay, then.
You are too confused!
Unknown command.
You're too confused to move!
An orc wizard appears from thin air!
Reactivating autopickup.
The orc wizard casts a spell at you.
You are more confused.
The orc wizard completely misses you.
You hit the orc wizard.
The orc wizard is heavily wounded.
The orc wizard barely misses you.
The orc wizard gestures at you while chanting.
You resist with some effort.
You hit the orc wizard but do no damage.
The orc wizard is heavily wounded.
You feel less confused.
The orc wizard points at you and mumbles some strange words.
The magic dart hits you.
* * * LOW HITPOINT WARNING * * *
The orc wizard casts a spell at you. The puff of flame hits you. You resist.
You die...

≈≈≈≈.##.................#....#
≈≈≈≈.........................#
≈≈≈≈..#..##....#.............#
≈≈≈≈..#..##....#.............####
≈≈≈...............#########......
≈.................# .#.#####
......###.........# 8._.....# #
......# #.......§.# ......#.# #
......# #....).°@.#########.#
.....## #.(....§o.).........#
......# #.......)>.......#..##
......###........[...........####
.................................
.....<..............#.).#.#...#..
......##.............#.#...#.#...
...........##.<(..#...#.....#...#
....#..###....#....#..#.....#..#.


You could see an orc wizard.

Vanquished Creatures
  Sigmund (D:4)
  2 ogres
  An orc wizard (D:4)
  An iguana (D:4)
  4 adders
  A dart slug (D:2)
  6 orcs
  7 ball pythons
  4 bats
  6 endoplasms
  A giant cockroach (D:3)
  7 goblins
  2 hobgoblins
  13 jackals (D:1)
  6 kobolds
  A quokka (D:1)
  5 frilled lizards
  3 rats
71 creatures vanquished.

Notes
Turn   | Place    | Note
-------+----------+-------------------------------------------
     0 | D:1      | mimimomo the Merfolk Monk began the quest for the Orb.
     0 | D:1      | Reached XP level 1. HP: 18/18 MP: 1/1
   257 | D:1      | Reached XP level 2. HP: 8/24 MP: 0/2
  1071 | D:1      | Reached skill level 5 in Polearms
  1071 | D:1      | Reached XP level 3. HP: 28/30 MP: 3/3
  2177 | D:2      | Reached XP level 4. HP: 37/37 MP: 4/4
  2866 | D:3      | Found an ancient bone altar of Kikubaaqudgha.
  2894 | D:3      | Reached skill level 5 in Dodging
  3885 | D:4      | Noticed Sigmund
  3936 | D:4      | Killed Sigmund
  3937 | D:4      | Reached skill level 6 in Polearms
  3937 | D:4      | Reached XP level 5. HP: 10/43 MP: 5/5
  3937 | D:4      | Reached XP level 6. HP: 12/49 MP: 6/6
  4176 | D:4      | Found a shimmering altar of Xom.
  4177 | D:4      | Found a broken altar of Ashenzari.
  4215 | D:4      | Found a radiant altar of Vehumet.
  4283 | D:4      | Found an opulent altar of Gozag.
  4642 | D:4      | Found a staircase to the Ecumenical Temple.
  4733 | Temple   | Entered the Ecumenical Temple
  4860 | Temple   | Became a worshipper of Qazlal Stormbringer
  4860 | Temple   | Reached * piety under Qazlal
  4860 | Temple   | Reached ** piety under Qazlal
  4907 | D:4      | Reached skill level 7 in Polearms
  5017 | D:4      | Found a hazy altar of Hepliaklqana.
  5019 | D:4      | Found a faded altar of an unknown god.
  5071 | D:5      | Entered Level 5 of the Dungeon
  5090 | D:4      | Reached XP level 7. HP: 30/55 MP: 7/7
  5356 | D:4      | Killed from afar by an orc wizard

Illustrated notes

Levels and vault maps discovered:
D:1:      dpeg_arrival_rhombi, layout_basic
D:2:      layout_basic, serial_forest, infiniplex_forest_clump_large,
          infiniplex_forest_end_3, infiniplex_forest_lined_3_way,
          infiniplex_forest_lined_1, infiniplex_forest_lined_corner,
          infiniplex_forest_clump_large, infiniplex_forest_clump_tiny,
          infiniplex_forest_straight_1
D:3:      layout_loops_corners, kiku_gazebo_garden_becter
D:4:      layout_rooms, grunt_gozag_statues,
          beargit_hepliaklqana_dungeon_heroes, vehumet_statue,
          mainiacjoe_overflow_divided_tiny, temple_pool_b,
          minmay_splitting_lines, minivault_11
D:5:      layout_loops_cross, nicolae_yredelemnul_corpse_copse
Temple:   compressed_dpeg_circular_temple

Skill      XL: |  1  2  3  4  5  6 |
---------------+-------------------+-----
Polearms       | 5 6 7 |  7.6
Dodging        | 6 |  6.9
Fighting       | 4 |  4.9
Throwing       | |  0.8
Stealth        | |  2.6

Action                   |  1- 3 |  4- 6 |  7- 9 || total
-------------------------+-------+-------+-------++-------
Melee: Spear             |   143 |    75 |       ||   218
       Scythe            |       |    24 |    16 ||    40
Throw: Dart              |       |     7 |     2 ||     9
  Use: Scroll            |     1 |     4 |       ||     5
       Potion            |     1 |       |     1 ||     2
 Stab: Sleeping          |     7 |     5 |       ||    12
Armor: Robe              |    25 |     7 |     8 ||    40
Dodge: Dodged            |   110 |    61 |    36 ||   207
Block: Other             |       |       |     2 ||     2
